cohdb
Replays
Latest Replays
All Replays
Popular Replays
Top Player Replays
Match Explorer
How It Works
Community
CoH3 Stats
Reddit
Sign in to upload your games and track your stats! →
Sign in with Steam
Match 46696425
Unlisted
Match 46696425
Overview
Messages
Build Orders
End
Construct Section Command Post
Selects Air and Sea Battlegroup
Dingo Light Scout Car
Dingo Light Scout Car
Construct Platoon Command Post
Selects Supply Surplus
Construct Resource Cache
Construct Field Infirmary
Construct Resource Cache
Construct Resource Cache
Unlock M3 Stuart Light Tanks
M3 Stuart Light Tank
M3 Stuart Light Tank
Light Vehicle Training
M3 Stuart Light Tank
M3 Stuart Light Tank
M3 Stuart Light Tank
M3 Stuart Light Tank
M3 Stuart Light Tank
M3 Stuart Light Tank
M3 Stuart Light Tank
Construct Company Command Post
Foot Guards Section
Foot Guards Section
Foot Guards Section
Construct Field Infirmary
Infantry Training
Selects UNKNOWN (223837)
Selects Assault Flares
Jm200092
HIBBLE
波菜
Knightz
Bartolomaeus Bart
Padesát Centů
DutchTaylor
=-._.-=MR.Paul=-._.-=
0
0
Comments
sign in to comment!
No comments posted yet!